 Dungeon Crawl Stone Soup version 0.21-a0-70-g32e1473 (webtiles) character file.

441 xgamer67 the Skirmisher (level 7, -4/58 HPs)
             Began as a Human Monk on June 18, 2017.
             Killed by divine providence
             ... invoked by an orc priest
              (17 damage)
             ... on level 5 of the Dungeon.
             The game lasted 00:10:21 (4588 turns).

xgamer67 the Skirmisher (Human Monk)                Turns: 4588, Time: 00:10:21

Health: -4/58      AC: 11    Str: 14    XL:     7   Next: 22%
Magic:  7/7        EV: 11    Int: 13    God:
Gold:   252        SH:  0    Dex: 12    Spells: 6/6 levels left

rFire    + + .     SeeInvis .   a - +0 spear
rCold    + + +     Gourm    .   (no shield)
rNeg     . . .     Faith    .   y - +3 ring mail
rPois    +         Spirit   .   (no helmet)
rElec    .         Reflect  .   o - scarf {rC+ rF+}
rCorr    .         Harm     .   (no gloves)
MR       .....                  l - +1 pair of boots
Stlth    +.........             b - amulet of magic regeneration
HPRegen  0.19/turn              z - ring "Qiannij" {+Fly rPois rF+ rC++ Dex-3}
MPRegen  0.35/turn              B - +3 ring of intelligence

@: no status effects
A: no striking features
a: Evoke Flight


You were on level 5 of the Dungeon.
You were not hungry.

You visited 1 branch of the dungeon, and saw 6 of its levels.

You collected 252 gold pieces.

Inventory:

Hand Weapons
 a - a +0 spear (weapon)
 f - a +0 blowgun
 k - a +0 halberd
Missiles
 t - 9 poisoned needles
Armour
 l - a +1 pair of boots (worn)
 o - a scarf of resistance (worn)
 r - a +0 plate armour
 y - a +3 ring mail (worn)
 D - the +5 large shield of the Hot Ocelot {Str+4, unknown}
   (You found it on level 4 of the Dungeon)

   It affects your strength (+4).
Jewellery
 b - an amulet of magic regeneration (around neck)
 h - an uncursed ring of positive energy
 p - an uncursed ring of protection from fire
 z - the ring "Qiannij" (left hand) {+Fly rPois rF+ rC++ Dex-3}
   (You found it on level 4 of the Dungeon)

   [ring of flight]

   It affects your dexterity (-3).
   It protects you from fire.
   It greatly protects you from cold.
   It protects you from poison.
   It lets you fly.
 B - a +3 ring of intelligence (right hand)
Wands
 v - a wand of digging (0/24)
 x - a wand of random effects (25/48)
Scrolls
 e - 3 scrolls of teleportation
 j - a scroll of enchant armour
 C - a scroll of magic mapping
 E - a scroll of amnesia
Potions
 d - a potion of heal wounds
 g - a potion of cancellation
 i - 3 potions of agility
 m - 2 potions of flight
 n - 5 potions of lignification
 q - a potion of curing
 s - a potion of mutation
 w - 2 potions of brilliance {unknown}
 A - a potion of might {unknown}
Books
 u - a book of Misfortune

   Spells                             Type                      Level
   a - Confusing Touch                Hexes                        1
   b - Confuse                        Hexes                        3
   c - Gell's Gravitas                Translocation                3
   d - Petrify                        Transmutation/Earth          4
   e - Metabolic Englaciation         Hexes/Ice                    5
   f - Yara's Violent Unravelling     Hexes/Transmutation          5
Comestibles
 c - 2 bread rations
 F - a meat ration


   Skills:
 - Level 6.0 Fighting
 - Level 3.0 Polearms
 + Level 4.4 Armour
 - Level 3.0 Dodging
 - Level 2.0 Stealth


You had 6 spell levels left.
You didn't know any spells.

Dungeon Overview and Level Annotations

Branches:
Dungeon (6/15)
 Temple: D:4-7

Altars:
Okawaru


Message History

Evoke which item? (* to show all) (? for menu, Esc to quit)
Aiming: Random Effects (will waste charges)
Press: ? - help, Shift-Dir - straight line, f/p - gnoll sergeant
Aim: a gnoll sergeant, wielding a spear, wearing a ring mail and wearing a buckler The gnoll sergeant seems to slow down.
Evoking this partially-identified wand wasted a few charges.
An orc comes into view. It is wielding a hand axe.
The orc moves out of view.
An orc priest comes into view.
The orc priest shouts!
The orc priest casts a cantrip, but nothing happens.
The orc hits you but does no damage.
All of the chunks of flesh in your inventory have rotted away.
The orc barely misses you.
The orc priest calls down the wrath of Beogh upon you.
Beogh smites you!
* * * LOW HITPOINT WARNING * * *
The orc priest mumbles some strange prayers to Beogh against you.
Beogh smites you!
You die...

#########################
#.........g....g...g.....
#.#######################
######.## ######## #.......###
#......#
+.........#############.##.###
#.....................#.#..#..
#.........#########...#.#.<#g#
#........o..o@....#.#.#.#..#.#
#.......##.######.#.###.#..#)#
######.....#.<..#.#.....#..#g#
#.........##.#.#.#..#..####g#
+.......................g.).#
#..........###.#.#.....#g####
#####................#.#####.#
....#........##..#.g...g.g.#g#
....#........##..#...#.###.#g#


You could see an orc priest and an orc.

Vanquished Creatures
  An ice beast (D:5)
  Natasha (thrice) (D:3)
  Terence (D:3)
  An orc wizard (D:2)
  6 gnolls
  5 adders
  3 oozes
  3 worms
  2 dart slugs
  6 leopard geckos
  5 orcs
  4 giant cockroaches
  7 goblins
  5 hobgoblins
  10 jackals
  2 quokkas
  7 bats
  8 frilled lizards
  7 kobolds
  A leopard gecko zombie (D:5)
  10 rats
97 creatures vanquished.

Notes
Turn   | Place    | Note
-------+----------+-------------------------------------------
     0 | D:1      | xgamer67 the Human Monk began the quest for the Orb.
     0 | D:1      | Reached XP level 1. HP: 18/18 MP: 1/1
    58 | D:1      | Reached XP level 2. HP: 16/24 MP: 2/2
   668 | D:1      | Reached skill level 4 in Fighting
   668 | D:1      | Reached XP level 3. HP: 28/30 MP: 3/3
  1634 | D:2      | Found a faded altar of an unknown god.
  1643 | D:2      | Reached XP level 4. HP: 36/38 MP: 4/4
  1977 | D:2      | Reached skill level 5 in Fighting
  2357 | D:3      | Reached XP level 5. HP: 39/44 MP: 5/5
  2578 | D:3      | Noticed Natasha
  2638 | D:3      | Killed Natasha
  2638 | D:3      | Reached skill level 6 in Fighting
  2768 | D:3      | Found an iron altar of Okawaru.
  2778 | D:3      | Reached skill level 1 in Armour
  2800 | D:3      | Reached XP level 6. HP: 52/52 MP: 6/6
  2854 | D:3      | Noticed Natasha
  2980 | D:3      | Killed Natasha
  2991 | D:3      | Noticed Natasha
  3001 | D:3      | Killed Natasha
  3313 | D:3      | Noticed Terence
  3334 | D:3      | Killed Terence
  3757 | D:4      | Got a faintly glowing lapis lazuli ring
  3759 | D:4      | Identified the ring "Qiannij" {+Fly rPois rF+ rC++ Dex-3} (You found it on level 4 of the Dungeon)
  3763 | D:4      | Got a pitted large shield
  3952 | D:5      | Entered Level 5 of the Dungeon
  4066 | D:5      | Noticed an ice beast
  4103 | D:5      | Killed an ice beast
  4103 | D:5      | Reached XP level 7. HP: 40/58 MP: 7/7
  4588 | D:5      | Killed from afar by an orc priest

Vault maps used:
D:1:      roderic_dead_forest, hex_large
D:2:      chequers_ecumenical_altar_island
D:3:      first_bread, okawaru_ov_weapons_minmay, uniq_terence, uniq_natasha
D:5:      serial_shops, shop, uniq_grinder
D:6:      minmay_temple_entry_junction

Skill      XL: |  1  2  3  4  5  6 |
---------------+-------------------+-----
Fighting       | 4 5 6 |  6.0
Armour         | 1 4 |  4.4
Polearms       | |  3.0
Dodging        | |  3.0
Stealth        | |  2.0

Action                   |  1- 3 |  4- 6 |  7- 9 || total
-------------------------+-------+-------+-------++-------
Melee: Spear             |   137 |   324 |    59 ||   520
Evoke: Wand              |       |       |     1 ||     1
  Use: Scroll            |       |    15 |       ||    15
 Stab: Sleeping          |     6 |       |       ||     6
       Distracted        |     1 |       |       ||     1
  Eat: Chunk             |     2 |     7 |       ||     9
       Bread ration      |       |       |     1 ||     1
Armor: Robe              |     8 |       |       ||     8
       Scale mail        |    26 |    91 |       ||   117
       Ring mail         |       |    17 |    31 ||    48
Dodge: Dodged            |    65 |   120 |    33 ||   218
